 Dungeon Crawl Stone Soup version 0.31-a0-339-gda1cbd555d (webtiles) character file.

Game seed: 14962987904442843232

2660 ragingrage the Grappler (level 9, 0/78 HPs)
             Began as a Barachi Shapeshifter on July 20, 2023.
             Was a Believer of Wu Jian.
             Slain by a gnoll
             ... wielding a +0 spear
             ... led by a gnoll sergeant
              (2 damage)
             ... on level 7 of the Dungeon.
             The game lasted 00:09:00 (5941 turns).

ragingrage the Grappler (Barachi Shapeshifter)      Turns: 5941, Time: 00:09:00

Health: 0/78       AC: 11    Str: 20    XL:     9   Next: 63%
Magic:  9/9        EV: 11    Int:  9    God:    Wu Jian [**....]
Gold:   256        SH:  0    Dex: 13    Spells: 8/8 levels left

rFire   . .          .
                       - Unarmed
rCold   . . .        (no shield)
rNeg    . . .        j - +1 plate armour {rPois}
rPois   +            (helmet currently unavailable)
rElec   .            (cloak currently unavailable)
rCorr   .            (gloves currently unavailable)
SInv    .            (boots currently unavailable)
Will    +....        (no amulet) Stlth
                     s - +5 ring of evasion
HPRegen 0.33/turn    i - ring of willpower
MPRegen 0.11/turn

%: no passive effects
@: about to teleport, beast-form, unable to hop, attractive, slow
A: beast (slay +2), amphibious, slowness 1, strong legs 1, +LOS
a: Hop, Begin Untransformation, Renounce Religion, Wall Jump


You were on level 7 of the Dungeon.
You worshipped Wu Jian.
Wu Jian was pleased with you.
You were a hulking beast.
You visited 2 branches of the dungeon, and saw 8 of its levels.

You collected 351 gold pieces.
You spent 95 gold pieces at shops.

Inventory:

Hand Weapons
 a - a +2 dagger of speed
Missiles
 f - 17 poisoned darts (quivered)
 q - 2 throwing nets
Armour
 h - a +2 hat
 j - a +1 plate armour of poison resistance (worn)
 l - +0 steam dragon scales
 y - a +2 scale mail of fire resistance
Jewellery
 i - a ring of willpower (right hand)
 o - a ring of positive energy
 s - a +5 ring of evasion (left hand)
 B - a ring of poison resistance
Talismans
 c - a beast talisman
Scrolls
 d - a scroll of enchant weapon {unknown}
 e - 2 scrolls of immolation
 g - 2 scrolls of brand weapon {unknown}
 n - a scroll of summoning {unknown}
 p - a scroll of teleportation
 t - 3 scrolls of fear
 v - a scroll of poison
 w - a scroll of vulnerability {unknown}
 x - a scroll of revelation {unknown}
 D - a scroll of blinking {unknown}
Potions
 b - 2 potions of lignification
 k - a potion of invisibility {unknown}
 m - a potion of heal wounds {unknown}
 r - a potion of might {unknown}
 u - a potion of mutation {unknown}
 z - a potion of magic {unknown}
 A - a potion of berserk rage {unknown}
 C - a potion of attraction


   Skills:
 - Level 10.0 Fighting
 - Level 2.1 Dodging
 + Level 11.2 Unarmed Combat
 - Level 3.2 Shapeshifting


You had 8 spell levels left.
You didn't know any spells.
Your spell library contained the following spells:

 Spells                   Type           Power      Damage    Failure   Level
 Blink                    Tloc           0%         N/A       100%        2
 Inner Flame              Hex/Fire       0%         N/A       100%        3
 Ozocubu's Armour         Ice            0%         N/A       100%        3
 Flame Wave               Conj/Fire      0%         2d4       100%        4
 Manifold Assault         Tloc           0%         N/A       100%        4
 Sticky Flame             Conj/Fire      0%         2d3       100%        4
 Ozocubu's Refrigeration  Ice            0%         4d7       100%        7


Dungeon Overview and Level Annotations

Branches:
Dungeon (7/15)             Temple (1/1) D:4

Altars:
Ashenzari
Cheibriados
Dithmenos
Elyvilon
Fedhas
Gozag
Hepliaklqana
Kikubaaqudgha
Makhleb
Nemelex Xobeh
Okawaru
Qazlal
Ru
Trog
Uskayaw
Vehumet
Wu Jian
Xom
Yredelemnul
Zin
The Shining One

Shops:
D:2 =   D:4 ?[[?[   D:6 =

Annotations:
D:4 Dig


Innate Abilities, Weirdness & Mutations

You are a hulking beast.
Your limbs bulge with bestial killing power. (Slay +2)
You are amphibious.
You cover ground slowly.
You can hop short distances.
You have an extended range of vision and can be seen from far away.


Message History

The gnoll closely misses you.
You spin and attack the wight.
You punch the wight!
You destroy the wight!
The Council accepts your kill.
You spin and attack the gnoll repeatedly.
You punch the gnoll!
You kill the gnoll!
The Council accepts your kill.
You can now perform airborne attacks.
The gnoll hits you but does no damage. x2
You lunge at the gnoll.
You barely miss the gnoll. The gnoll hits you but does no damage.
The gnoll barely misses you.
You lunge at the wight.
You hit the wight.
You spin and attack the gnoll sergeant repeatedly.
The gnoll sergeant blocks your attack.
You hit the gnoll sergeant but do no damage.
You spin and attack the gnoll repeatedly.
You hit the gnoll. You hit the gnoll but do no damage.
Your surroundings seem slightly different.
The gnoll sergeant hits you from afar with a +2 heavy spear.
The gnoll hits you with a +0 spear.
As you read the scroll of teleportation, it crumbles to dust.
You feel strangely unstable.
The gnoll sergeant hits you from afar with a +2 heavy spear!
* * * LOW HITPOINT WARNING * * *
The gnoll closely misses you. x2
You spin and attack the wight.
You punch the wight!
You destroy the wight!
The Council accepts your kill.
You spin and attack the gnoll repeatedly.
You hit the gnoll. You closely miss the gnoll.
The gnoll hits you but does no damage. The gnoll hits you with a +0 spear.
* * * LOW HITPOINT WARNING * * *
The gnoll sergeant hits you from afar with a +2 heavy spear.
* * * LOW HITPOINT WARNING * * *
It was a potion of attraction.
You feel attractive to monsters. The wight hits you with a +5 falchion!
* * * LOW HITPOINT WARNING * * *
The gnoll hits you from afar with a +0 spear.
You die...

...## ##
....########
...........#
...........#
...........#
###........# #####
##>.....## ##...#
##[...## ####...#
#.....###...h..#
##...........gz.#
#...........gg).##
########.......).#
##...###..# #...#
##..# #..## #..#
#..## #..# #..#
#..#


You could see a gnoll sergeant, a wight and 2 gnolls.

Vanquished Creatures
  Maggie (D:7)
  4 steam dragons
  2 water moccasins
  An ice beast (D:5)
  2 ogres
  2 phantoms
  A gnoll sergeant (D:6)
  A scorpion (D:7)
  A bullfrog (D:7)
  6 wights
  3 jellies
  2 gnoll boudas
  An orc priest (D:6)
  4 orc wizards
  A sleepcap (D:6)
  2 iguanas
  Natasha (thrice) (D:2)
  10 gnolls
  8 adders
  2 shadow imps
  2 white imps
  An ufetubus (D:5)
  4 worms
  5 dart slugs
  20 orcs
  A bat (D:3)
  3 endoplasms (D:3)
  3 giant cockroaches
  5 goblins
  12 hobgoblins
  10 jackals
  4 quokkas
  9 ball pythons
  3 frilled lizards
  7 kobolds
  3 rats
149 creatures vanquished.

Vanquished Creatures (others)
  An orc (D:7)
1 creature vanquished.

Grand Total: 150 creatures vanquished

Notes
Turn   | Place    | Note
-------+----------+-------------------------------------------
     0 | D:1      | ragingrage the Barachi Shapeshifter began the quest for the
                  | Orb.
     0 | D:1      | Reached XP level 1. HP: 15/15 MP: 1/1
   198 | D:1      | Reached skill level 4 in Unarmed Combat
   198 | D:1      | Reached XP level 2. HP: 15/21 MP: 2/2
   578 | D:1      | Reached XP level 3. HP: 26/26 MP: 3/3
   925 | D:2      | Found Gabumyan's Jewellery Boutique.
   947 | D:2      | Reached skill level 5 in Unarmed Combat
   984 | D:2      | Reached XP level 4. HP: 32/32 MP: 4/4
  1107 | D:2      | Noticed Natasha
  1116 | D:2      | Killed Natasha
  1285 | D:2      | Noticed Natasha
  1296 | D:2      | Killed Natasha
  1297 | D:2      | Reached skill level 6 in Unarmed Combat
  1297 | D:2      | Reached XP level 5. HP: 17/37 MP: 5/5
  1534 | D:2      | Noticed Natasha
  1540 | D:2      | Killed Natasha
  2474 | D:4      | Found Ehiliekh's Magic Scroll Boutique.
  2496 | D:4      | Found a staircase to the Ecumenical Temple.
  2507 | D:4      | Reached skill level 7 in Unarmed Combat
  2529 | D:4      | Bought a scroll of fear for 56 gold pieces
  2553 | D:4      | Found Plog's Armour Emporium.
  2609 | D:4      | Found Kitism's Magic Scroll Shoppe.
  2616 | D:4      | Bought a scroll of teleportation for 39 gold pieces
  2667 | Temple   | Found a transporter.
  2667 | Temple   | Found a transporter.
  2667 | Temple   | Found a transporter.
  2667 | Temple   | Found a transporter.
  2667 | Temple   | Entered the Ecumenical Temple
  2696 | Temple   | Became a worshipper of the Wu Jian Council
  2783 | D:4      | Reached XP level 6. HP: 43/43 MP: 6/6
  3022 | D:4      | Found Raiffo's Armour Shoppe.
  3060 | D:4      | Found Julyost's Antique Armour Shoppe.
  3219 | D:5      | Entered Level 5 of the Dungeon
  3245 | D:5      | Noticed a steam dragon
  3252 | D:5      | Killed a steam dragon
  3253 | D:5      | Reached skill level 8 in Unarmed Combat
  3253 | D:5      | Reached XP level 7. HP: 27/48 MP: 7/7
  3328 | D:5      | Reached skill level 9 in Unarmed Combat
  3564 | D:5      | Reached skill level 10 in Unarmed Combat
  3729 | D:5      | Reached XP level 8. HP: 56/56 MP: 8/8
  4168 | D:6      | Reached * piety under Wu Jian
  4185 | D:6      | Reached skill level 5 in Fighting
  4339 | D:6      | Found a stormy altar of Qazlal.
  4339 | D:6      | Found an ancient bone altar of Kikubaaqudgha.
  4534 | D:6      | HP: 1/67 [steam dragon (8)]
  4848 | D:6      | Found Tuts's Jewellery Shop.
  4875 | D:6      | Reached XP level 9. HP: 74/75 MP: 9/9
  5288 | D:7      | Noticed Maggie
  5300 | D:7      | Killed Maggie
  5701 | D:7      | Reached skill level 10 in Fighting
  5921 | D:7      | Reached skill level 11 in Unarmed Combat
  5935 | D:7      | Reached ** piety under Wu Jian
  5941 | D:7      | HP: 2/78 [wight/+5 falchion (12)]
  5941 | D:7      | Slain by a gnoll

Illustrated notes

Levels and vault maps discovered:
D:1:      saegor_arrival_simple_b, layout_basic
D:2:      layout_basic, serial_shops, shop_statue, uniq_natasha
D:3:      layout_basic, solitary_fountain
D:4:      layout_rooms, temple_fountains, serial_shops, shop, shop, shop,
          nicolae_shop_tiny_real_fake_doors, shop, due_unseen_surprise
D:5:      layout_basic
D:6:      layout_basic, jmf_multi_god_temple, serial_shops, shop
D:7:      layout_layer_cave, uniq_maggie
Temple:   hellmonk_temple_divided_pantheon

Skill      XL: |  1  2  3  4  5  6  7  8  9 |
---------------+----------------------------+-----
Unarmed Combat | 4 5 6 7 8 10 11 | 11.2
Fighting       | 2 8 10 | 10.0
Dodging        | |  2.1
Shapeshifting  | |  3.2

Action                     |  1- 3 |  4- 6 |  7- 9 || total
---------------------------+-------+-------+-------++-------
  Melee: Unarmed           |    82 |   176 |   198 ||   456
         Punch             |     3 |     5 |    11 ||    19
  Throw: Dart              |       |     2 |    15 ||    17
Ability: Lunge             |       |     3 |    18 ||    21
         Whirlwind         |       |       |    11 ||    11
         Hop               |       |       |     2 ||     2
    Use: Scroll            |       |     2 |     3 ||     5
         Potion            |       |       |     4 ||     4
   Stab: Sleeping          |     1 |       |       ||     1
 Armour: Animal skin       |     9 |       |       ||     9
         Plate armour      |    28 |    89 |    58 ||   175
  Dodge: Dodged            |    24 |    57 |    89 ||   170

Table legend: (Time is in decaauts)
 A = Elapsed time spent in this place.
 B = Non-inter-level travel time spent in this place.
 C = Inter-level travel time spent in this place.
 D = Time resting spent in this place.
 E = Time spent auto-exploring this place.
 F = Levels seen in this place.
 G = Mean time per level.
                   A        B        C        D        E       F      G
               +--------+--------+--------+--------+--------+-----+--------+
         Total |   6602 |   6436 |    166 |    952 |   4345 |   8 |  825.2 |
       Dungeon |   6547 |   6393 |    154 |    952 |   4345 |   7 |  935.3 |
        Temple |     54 |     42 |     12 |      0 |      0 |   1 |   54.0 |
               +--------+--------+--------+--------+--------+-----+--------+

Top non-repeatable levels by time:
     D:7: 1065 daAuts
     D:3: 1033 daAuts
     D:1: 1008 daAuts
     D:5: 977 daAuts
     D:6: 895 daAuts
     D:2: 794 daAuts
     D:4: 773 daAuts
  Temple: 54 daAuts
